 Dungeon Crawl Stone Soup version 0.31-a0-1227-g0136665373 (webtiles) character file.

Game seed: 12142214042741209550

500 Momosog the Charlatan (level 7, -8/52 HPs)
             Began as a Gnoll Wanderer on Dec 6, 2023.
             Mangled by Edmund
             ... wielding a +7 flail of protection
              (11 damage)
             ... on level 5 of the Dungeon on Dec 14, 2023.
             The game lasted 01:13:40 (3535 turns).

Momosog the Charlatan (Gnoll Wanderer)              Turns: 3535, Time: 01:13:40

Health: -8/52      AC: 11    Str: 15    XL:     7   Next: 16%
Magic:  10/10      EV: 11    Int: 19    God:
Gold:   210        SH:  0    Dex: 15    Spells: 10/10 levels left

rFire   . . .        C - +4 hand axe "Vicu" {flame, *Slow Str+3 Int+4}
rCold   . . .        (no shield)
rNeg    + . .        i - +2 ring mail
rPois   .            u - +2 helmet
rElec   .            (no cloak)
rCorr   .            D - +0 pair of gloves
SInv    .            (no boots)
Will    .....        (no amulet)
Stlth   ++           L - ring of positive energy
HPRegen 0.28/turn    N - +6 ring of intelligence
MPRegen 0.12/turn

%: slow self (1%)
@: no status effects
A: fangs 1, strong nose, distributed training
a: no special abilities


You were on level 5 of the Dungeon.
You visited 2 branches of the dungeon, and saw 6 of its levels.

You collected 210 gold pieces.

Inventory:

Hand Weapons
 a - a +2 dagger
 c - a +1 dagger of venom
 o - a +0 spear
 p - a +0 short sword
 s - a +0 vampiric whip
 v - a +0 mace
 C - the +4 hand axe "Vicu" (weapon) {flame, *Slow Str+3 Int+4}
   (You found it on level 2 of the Dungeon)

   Str+3:     It affects your strength (+3).
   Int+4:     It affects your intelligence (+4).
   *Slow:     It may slow you when you take damage.
 M - a +1 falchion of flaming
Missiles
 b - a curare-tipped dart
 h - 64 stones (quivered)
 G - 6 atropa-tipped darts
Armour
 i - a +2 ring mail (worn)
 u - a +2 helmet (worn)
 D - a +0 pair of gloves (worn)
Magical Staves
 x - a staff of fire
Jewellery
 r - a ring of ice
 L - a ring of positive energy (left hand)
 N - a +6 ring of intelligence (right hand)
Talismans
 z - a serpent talisman
Wands
 d - a wand of polymorph (2)
 I - a wand of flame (7)
Scrolls
 e - a scroll of butterflies
 l - a scroll of noise {unknown}
 n - 2 scrolls of amnesia {unknown}
 q - 2 scrolls of blinking {unknown}
 A - a scroll of vulnerability {unknown}
 F - 2 scrolls of poison
 J - a scroll of teleportation {unknown}
Potions
 m - a potion of attraction {unknown}
 t - a potion of enlightenment {unknown}
 B - a potion of magic
 E - 3 potions of brilliance
 H - a potion of berserk rage
 K - a potion of curing
 O - a potion of haste {unknown}


   Skills:
 + Level 3.5 Fighting
 + Level 2.3 Short Blades
 + Level 5.2 Long Blades
 + Level 2.3 Axes
 + Level 2.3 Maces & Flails
 + Level 2.3 Polearms
 + Level 2.3 Staves
 + Level 2.3 Ranged Weapons
 + Level 5.2 Throwing
 + Level 2.3 Armour
 + Level 2.3 Dodging
 + Level 4.8 Stealth
 + Level 2.3 Shields
 + Level 2.3 Unarmed Combat
 + Level 2.3 Spellcasting
 + Level 1.9 Conjurations
 + Level 1.9 Hexes
 + Level 1.9 Summonings
 + Level 1.9 Necromancy
 + Level 1.9 Translocations
 + Level 1.9 Transmutations
 + Level 1.9 Fire Magic
 + Level 1.9 Ice Magic
 + Level 1.9 Air Magic
 + Level 1.9 Earth Magic
 + Level 1.9 Poison Magic
 + Level 2.6 Invocations
 + Level 7.0 Evocations
 + Level 2.1 Shapeshifting


You had 10 spell levels left.
You didn't know any spells.
Your spell library contained the following spells:

 Spells                   Type           Power      Damage    Failure   Level
 Summon Guardian Golem    Hex/Summ       9%         N/A       38%         3
 Orb of Destruction       Conj           4%         9d5       100%        7
 Spellforged Servitor     Conj/Summ      4%         N/A       100%        7


Dungeon Overview and Level Annotations

Branches:
Dungeon (5/15)             Temple (1/1) D:4

Altars:
Ashenzari
Cheibriados
Dithmenos
Gozag
Hepliaklqana
Kikubaaqudgha
Makhleb
Qazlal
Sif Muna
Trog
Uskayaw
Vehumet
Wu Jian
Xom
Yredelemnul
Zin

Shops:
D:5 ?

Annotations:
D:5 Edmund


Innate Abilities, Weirdness & Mutations

You have very sharp teeth.
Your uncanny sense of smell can sniff out nearby items.
Your experience applies equally to all skills.


Message History

Edmund is moderately wounded.
You hit Edmund. You burn Edmund.
Edmund is heavily wounded.
Edmund hits you with a +7 flail of protection.
You closely miss Edmund. You bite Edmund, but do no damage.
Edmund is heavily wounded.
Edmund hits you with a +7 flail of protection!
You hit Edmund but do no damage. Your punch misses Edmund.
Edmund is heavily wounded.
Edmund completely misses you.
An ice beast comes into view.
Edmund closely misses you.
You hit Edmund. You burn Edmund. Your bite misses Edmund.
Edmund is heavily wounded.
Edmund misses you.
You hit Edmund but do no damage.
Edmund is heavily wounded.
Edmund hits you but does no damage.
You closely miss Edmund.
Edmund is heavily wounded.
Edmund hits you with a +7 flail of protection!
* * * LOW HITPOINT WARNING * * *
You slash Edmund! You burn Edmund.
Edmund is severely wounded.
Edmund hits you but does no damage.
You closely miss Edmund.
Edmund is severely wounded.
Edmund hits you with a +7 flail of protection.
* * * LOW HITPOINT WARNING * * *
You closely miss Edmund. Your bite misses Edmund.
Edmund is severely wounded.
You hear the slow hiss of a distant avalanche of sand.
Edmund hits you but does no damage. The ice beast misses you.
Edmund barely misses you.
You hit Edmund but do no damage.
Edmund is heavily wounded.
You hit the ice beast but do no damage.
Edmund hits you with a +7 flail of protection!
You die...
Edmund says, "I'd like to see a scythe do that!"

...... ... #..... #.#
##.##. #.# ## #.# # #.#
#+## #.# ##...##
###.### ##.....#
#.@.#.## ##.......
#####@Y....####........
.............)'........
............###).......
...~~~P~.#.#.#
##.......
~~.~~~~~.###.# ##.....#
P~~~~P~~.# #.# ##...##
~~P~P~~~.# #.## ##'###
~~~P~~~.# #.... #.#


You could see Edmund and an ice beast.

Vanquished Creatures
  Blork the orc (D:5)
  A scorpion (D:4)
  4 hounds
  2 orc priests
  2 orc wizards (D:4)
  4 adders
  4 worms
  A dart slug (D:2)
  14 orcs
  10 ball pythons
  7 bats
  7 endoplasms
  3 giant cockroaches
  9 goblins
  4 hobgoblins
  3 jackals (D:4)
  6 kobolds
  2 quokkas (D:4)
  A frilled lizard (D:2)
  9 rats
94 creatures vanquished.

Notes
Turn   | Place    | Note
-------+----------+-------------------------------------------
     0 | D:1      | Momosog the Gnoll Wanderer began the quest for the Orb.
     0 | D:1      | Momosog set off with the following items: a +2 dagger, a
                  | curare-tipped dart, a +0 falchion, a wand of polymorph (3),
                  | a scroll of butterflies, a +0 leather armour.
     0 | D:1      | Reached XP level 1. HP: 17/17 MP: 1/1
   520 | D:1      | Reached XP level 2. HP: 23/23 MP: 2/2
   891 | D:2      | Reached XP level 3. HP: 6/28 MP: 3/3
   988 | D:2      | Reached skill level 1 in Invocations
  1143 | D:2      | Reached skill level 1 in Short Blades
  1143 | D:2      | Reached skill level 1 in Axes
  1143 | D:2      | Reached skill level 1 in Maces & Flails
  1143 | D:2      | Reached skill level 1 in Polearms
  1143 | D:2      | Reached skill level 1 in Staves
  1143 | D:2      | Reached skill level 1 in Ranged Weapons
  1143 | D:2      | Reached skill level 1 in Armour
  1143 | D:2      | Reached skill level 1 in Dodging
  1143 | D:2      | Reached skill level 1 in Shields
  1143 | D:2      | Reached skill level 1 in Unarmed Combat
  1143 | D:2      | Reached skill level 1 in Spellcasting
  1160 | D:2      | Reached XP level 4. HP: 16/34 MP: 5/5
  1211 | D:2      | Identified the +4 hand axe "Vicu" {flame, *Slow Str+3
                  | Int+4}
  1235 | D:2      | Found a faded altar of an unknown god.
  1286 | D:2      | Reached skill level 1 in Shapeshifting
  1420 | D:3      | Found a shadowy altar of Dithmenos.
  1849 | D:3      | Reached skill level 1 in Conjurations
  1849 | D:3      | Reached skill level 1 in Hexes
  1849 | D:3      | Reached skill level 1 in Summonings
  1849 | D:3      | Reached skill level 1 in Necromancy
  1849 | D:3      | Reached skill level 1 in Translocations
  1849 | D:3      | Reached skill level 1 in Transmutations
  1849 | D:3      | Reached skill level 1 in Fire Magic
  1849 | D:3      | Reached skill level 1 in Ice Magic
  1849 | D:3      | Reached skill level 1 in Air Magic
  1849 | D:3      | Reached skill level 1 in Earth Magic
  1849 | D:3      | Reached skill level 1 in Poison Magic
  2035 | D:4      | Upgraded the game from 0.31-a0-1074-g0b22e4e0f1 to
                  | 0.31-a0-1206-g41278d8d1d
  2073 | D:4      | Reached XP level 5. HP: 15/40 MP: 5/7
  2194 | D:4      | Found a staircase to the Ecumenical Temple.
  2239 | Temple   | Entered the Ecumenical Temple
  2323 | Temple   | Upgraded the game from 0.31-a0-1206-g41278d8d1d to
                  | 0.31-a0-1227-g0136665373
  2433 | D:4      | Reached XP level 6. HP: 35/47 MP: 8/8
  2660 | D:4      | Reached skill level 5 in Long Blades
  2660 | D:4      | Reached skill level 5 in Throwing
  3389 | D:5      | Entered Level 5 of the Dungeon
  3389 | D:5      | Found Zegriwne's Magic Scroll Shoppe.
  3423 | D:5      | Noticed Blork the orc
  3439 | D:5      | Killed Blork the orc
  3440 | D:5      | Reached XP level 7. HP: 35/52 MP: 10/10
  3493 | D:5      | Reached skill level 7 in Evocations
  3514 | D:5      | Noticed Edmund
  3533 | D:5      | HP: 2/52 [Edmund/+7 flail of protection (6)]
  3535 | D:5      | Mangled by Edmund

Illustrated notes

Levels and vault maps discovered:
D:1:      dpeg_arrival_castle, layout_basic
D:2:      layout_rooms, shapermc_ecumenical_altar_pompeii, minmay_hexomino_u4
D:3:      layout_loops_cross, grunt_dithmenos_smoke
D:4:      layout_basic, minmay_temple_entry_ruins,
          minmay_misc_feat_secret_circle, uniq_grinder
D:5:      layout_loops_corners, serial_bayou, serial_bayou_shore_a,
          serial_bayou_crossing, serial_bayou_pond_d, serial_bayou_pond_c,
          chequers_ossuary_entry_cave, serial_shops, nicolae_stop_n_shop_2,
          amethyst_killhole, corexii_checkpoint,
          nicolae_shop_i_like_small_books_too, minmay_misc_feat_hallway,
          minmay_statues_item, uniq_edmund, uniq_crazy_yiuf_cottage,
          uniq_blork_the_orc
Temple:   hellmonk_temple_of_storms

Skill      XL: |  1  2  3  4  5  6  7 |
---------------+----------------------+-----
Invocations    | 1 2 |  2.6
Short Blades   | 1 2 |  2.3
Axes           | 1 2 |  2.3
Maces & Flails | 1 2 |  2.3
Polearms       | 1 2 |  2.3
Staves         | 1 2 |  2.3
Ranged Weapons | 1 2 |  2.3
Armour         | 1 2 |  2.3
Dodging        | 1 2 |  2.3
Shields        | 1 2 |  2.3
Unarmed Combat | 1 2 |  2.3
Spellcasting   | 1 2 |  2.3
Shapeshifting  | 1 2 |  2.1
Conjurations   | 1 |  1.9
Hexes          | 1 |  1.9
Summonings     | 1 |  1.9
Necromancy     | 1 |  1.9
Translocations | 1 |  1.9
Transmutations | 1 |  1.9
Fire Magic     | 1 |  1.9
Ice Magic      | 1 |  1.9
Air Magic      | 1 |  1.9
Earth Magic    | 1 |  1.9
Poison Magic   | 1 |  1.9
Fighting       | 3 |  3.5
Long Blades    | 5 |  5.2
Throwing       | 5 |  5.2
Evocations     | 7 |  7.0
Stealth        | |  4.8

Action                     |  1- 3 |  4- 6 |  7- 9 || total
---------------------------+-------+-------+-------++-------
  Melee: Dagger            |    13 |       |       ||    13
         Falchion          |    90 |       |       ||    90
         Punch             |     2 |     1 |       ||     3
         Bite              |     8 |    11 |     2 ||    21
         Hand axe          |       |   135 |    31 ||   166
  Throw: Stone             |       |     5 |     3 ||     8
  Evoke: Wand              |       |     2 |     3 ||     5
    Use: Potion            |       |     1 |       ||     1
         Scroll            |       |     9 |       ||     9
   Stab: Sleeping          |     5 |     8 |       ||    13
 Armour: Leather armour    |    56 |    60 |       ||   116
         Ring mail         |       |    13 |    23 ||    36
  Dodge: Dodged            |    60 |    65 |    13 ||   138

Table legend: (Time is in decaauts)
 A = Elapsed time spent in this place.
 B = Non-inter-level travel time spent in this place.
 C = Inter-level travel time spent in this place.
 D = Time resting spent in this place.
 E = Time spent auto-exploring this place.
 F = Levels seen in this place.
 G = Mean time per level.
                   A        B        C        D        E       F      G
               +--------+--------+--------+--------+--------+-----+--------+
         Total |   3583 |    901 |   2682 |      0 |      0 |   6 |  597.2 |
       Dungeon |   3431 |    899 |   2532 |      0 |      0 |   5 |  686.2 |
        Temple |    152 |      2 |    150 |      0 |      0 |   1 |  152.0 |
               +--------+--------+--------+--------+--------+-----+--------+

Top non-repeatable levels by time:
     D:4: 1244 daAuts
     D:1: 782 daAuts
     D:2: 651 daAuts
     D:3: 599 daAuts
  Temple: 152 daAuts
     D:5: 152 daAuts
